 Dungeon Sprint DCSS version 0.21-a0-91-ga5031da (webtiles) character file.

104 Kidiri the Sneak (level 4, -13/23 HPs)
             Began as a Spriggan Enchanter on June 30, 2017.
             Mangled by a tyrant leech (18 damage)
             ... in the Dungeon (Sprint II: "The Violet Keep of Menkaure").
             The game lasted 00:01:48 (326 turns).

Kidiri the Sneak (Spriggan Enchanter)                Turns: 326, Time: 00:01:48

Health: -13/23     AC:  2    Str:  4    XL:     4   Next: 52%
Magic:  7/12       EV: 21    Int: 16    God:
Gold:   486        SH:  0    Dex: 17    Spells: 1/13 levels left

rFire    . . .     SeeInvis +   a - +1 dagger
rCold    . . .     Gourm    .   (shield restricted)
rNeg     . . .     Faith    .   b - +0 robe
rPois    .         Spirit   .   (helmet restricted)
rElec    .         Reflect  .   (no cloak)
rCorr    .         Harm     .   (gloves unavailable)
MR       .....     NoTele   +   (boots unavailable)
Stlth    ++++......             (no amulet)
HPRegen  0.07/turn              (no ring)
MPRegen  0.13/turn              (no ring)

@: very slightly contaminated, very quick
A: unfitting armour, see invisible, herbivore 3, speed 3, slow metabolism 2
a: no special abilities


You were in the Dungeon.
You were not hungry.

You visited 1 branch You collected 486 gold pieces.

Inventory:

Hand Weapons
 a - a +1 dagger (weapon)
Armour
 b - a +0 robe (worn)
Scrolls
 j - a scroll of blinking
Potions
 e - a potion of curing
 f - a potion of heal wounds
 g - a potion of haste
Books
 c - a book of Maledictions

   Spells                             Type                      Level
   a - Corona                         Hexes                        1
   b - Ensorcelled Hibernation        Hexes/Ice                    2
   c - Confuse                        Hexes                        3
   d - Tukima's Dance                 Hexes                        3
   e - Dazzling Spray                 Conjuration/Hexes            3
Comestibles
 d - a bread ration


   Skills:
 + Level 2.0 Fighting
 * Level 4.0 Short Blades
 + Level 1.9 Armour
 * Level 6.1 Dodging
 * Level 7.3 Stealth
 * Level 5.3 Spellcasting
 + Level 4.8 Hexes


You had one spell level left.
You knew the following spells:

 Your Spells              Type           Power        Failure   Level  Hunger
a - Corona                Hex            ###....      1%          1    None
b - Ensorcelled Hibernat  Hex/Ice        ##....       9%          2    #......
c - Confuse               Hex            ###.....     6%          3    ###....
d - Tukima's Dance        Hex            ###.....     6%          3    ###....
e - Dazzling Spray        Conj/Hex       ##....       16%         3    ###....


Dungeon Overview and Level Annotations

Branches:
Dungeon (1/1)

Altars:

Shops:
D %:=?!!}=


Innate Abilities, Weirdness & Mutations

You are very small and have problems with some larger weapons.
You are too small for most types of armour.
You have supernaturally acute eyesight. (SInv)
You are a herbivore.
You cover ground extremely quickly.
You need consume almost no food.


Message History

You hit the tyrant leech but do no damage.
The tyrant leech is heavily wounded.
The tyrant leech bites you.
The tyrant leech draws strength from your injuries!
You hit the tyrant leech but do no damage.
The tyrant leech is heavily wounded.
You hit the tyrant leech but do no damage.
The tyrant leech is heavily wounded.
There is an open door here.
You see here a chunk of flesh.
You hit the tyrant leech.
The tyrant leech is heavily wounded.
The tyrant leech bites you!
* * * LOW HITPOINT WARNING * * *
The tyrant leech draws strength from your injuries!
You hit the tyrant leech but do no damage.
The tyrant leech is moderately wounded.
The tyrant leech bites you!!
Ouch! That really hurt!
You die...

######≈ ∩....#≈
#+# .∩...#≈
###.### ∩.∩..#≈
#.w#..# .∩.⌠.#≈
####w#.## #
∩.∩..#≈##%###@##
3#
.∩...#≈#.####.##.#
+≈+##%+.<.+#
.....#≈#...##.###
▓▓▓###≈##.###'#
######≈ ####$#.#
## #.. ..# ##. .##
## ##


You could see 2 tyrant leeches.

Vanquished Creatures
  4 worker ants (D)
  3 worms (D)
7 creatures vanquished.

Vanquished Creatures (others)
  A crocodile (D)
1 creature vanquished.

Grand Total: 8 creatures vanquished

Notes
Turn   | Place    | Note
-------+----------+-------------------------------------------
     0 | D        | Kidiri the Spriggan Enchanter began the quest for the Orb.
     0 | D        | Reached XP level 1. HP: 9/9 MP: 5/5
     1 | D        | Noticed a neqoxec
     5 | D        | Noticed a tyrant leech
     5 | D        | Noticed a tyrant leech
    18 | D        | Killed a crocodile
    23 | D        | Reached skill level 1 in Fighting
    23 | D        | Reached skill level 5 in Stealth
    53 | D        | Found Jiprarui's Jewellery Emporium.
    53 | D        | Found Bapomupt's Distillery.
    53 | D        | Found Miosat's Gadget Shoppe.
    53 | D        | Found Duuxett's Magic Scroll Emporium.
    54 | D        | Found Cemyrph's Distillery.
    54 | D        | Found Goxzutug's Jewellery Shoppe.
    54 | D        | Found Uruyriwkoi's Book Emporium.
    54 | D        | Found Qehomuo's Food Shoppe.
    56 | D        | Reached XP level 2. HP: 14/14 MP: 5/7
    60 | D        | Learned a level 2 spell: Ensorcelled Hibernation
    86 | D        | Reached skill level 1 in Armour
    86 | D        | Reached skill level 6 in Stealth
    86 | D        | Reached XP level 3. HP: 18/18 MP: 5/9
    92 | D        | Reached skill level 5 in Dodging
    94 | D        | Reached XP level 4. HP: 9/23 MP: 3/11
    96 | D        | Reached skill level 7 in Stealth
    96 | D        | Reached skill level 5 in Spellcasting
   291 | D        | Learned a level 3 spell: Confuse
   295 | D        | Learned a level 3 spell: Tukima's Dance
   299 | D        | Learned a level 3 spell: Dazzling Spray
   326 | D        | Mangled by a tyrant leech

Vault maps used:
D:        the_violet_keep_of_menkaure

Skill      XL: |  1  2  3  4 |
---------------+-------------+-----
Spellcasting   | 3 4 5 |  5.3
Fighting       | 1 2 |  2.0
Stealth        | 5 6 7 |  7.3
Short Blades   | 2 3 4 |  4.0
Armour         | 1 |  1.9
Dodging        | 4 5 6 |  6.1
Hexes          | 4 |  4.8

Action                   |  1- 3 |  4- 6 || total
-------------------------+-------+-------++-------
Melee: Dagger            |    11 |     8 ||    19
 Cast: Corona            |     2 |       ||     2
       Ensorcelled Hiber |     6 |     3 ||     9
       Confuse           |       |     2 ||     2
  Use: Potion            |     2 |     1 ||     3
 Stab: Sleeping          |     4 |     2 ||     6
Dodge: Dodged            |     7 |     3 ||    10
